AoeStats
← PIJAGORDA

Arabia

503196845Analyzed
2v2 RM · 2mo ago on Aug 30, 2026· 58m 17s· 4 players
Game mode
Random Map
Map size
Medium (4 player)
Population
200
Speed
Normal
Resources
Standard
Victory
Conquest
Starting age
Dark Age
Ending age
Imperial Age
RankedLock teamsTeams togetherTeam positionsShared explorationLock speedFull tech treeHidden civsTurbo modeCheats
Victory
Defeat
🇦🇷 Britons · Argentina
681
+7
🇮🇪 Portuguese · Ireland
637
+8
vs
🇲🇽 Goths · Mexico
447
-7
🇲🇽 Cumans · Mexico
444
-7
JULLS
11:28 Feudal Age
18:52 Bloodlines
24:43 Double-Bit Axe
27:37 Loom
29:52 Castle Age
29:20 Gold Mining
29:20 Town Watch
30:13 Wheelbarrow
29:55 Forging
29:30 Horse Collar
30:55 Capped Ram
31:55 Forging
38:05 Gold Shaft Mining
37:21 Stone Mining
38:36 Heavy Plow
39:28 Iron Casting
38:24 Man-at-Arms
39:38 Squires
39:11 Long Swordsman
41:28 Scale Mail Armor
45:36 Scale Barding Armor
47:06 Steppe Husbandry
47:34 Chain Barding Armor
47:51 Murder Holes
PIJAGORDA
12:28 Feudal Age
14:21 Man-at-Arms
17:03 Double-Bit Axe
22:56 Fletching
23:07 Scale Mail Armor
23:36 Horse Collar
27:04 Wheelbarrow
29:53 Forging
29:44 Padded Archer Armor
33:39 Castle Age
34:05 Pikeman
34:44 Bodkin Arrow
35:05 Chain Mail Armor
34:24 Elite Skirmisher
37:49 Anarchy
46:16 Bow Saw
53:40 Iron Casting
jkennedy962
0:30 Loom
10:41 Feudal Age
12:19 Wheelbarrow
11:34 Double-Bit Axe
11:48 Town Watch
15:44 Horse Collar
23:46 Castle Age
23:23 Forging
23:13 Scale Mail Armor
24:01 Pikeman
27:36 Hand Cart
28:40 Bow Saw
31:37 Bloodlines
31:28 Husbandry
32:06 Iron Casting
31:38 Scale Barding Armor
32:48 Stone Mining
32:48 Gold Mining
33:42 Chain Barding Armor
33:13 Fletching
37:34 Fortified Wall
40:06 Imperial Age
38:26 Murder Holes
38:52 Ballistics
38:35 Bodkin Arrow
41:59 Blast Furnace
41:36 Plate Barding Armor
40:24 Cavalier
42:03 Circumnavigation
42:32 Conscription
42:52 Elite Organ Gun
45:04 Arquebus
45:43 Padded Archer Armor
46:31 Chain Mail Armor
46:36 Leather Archer Armor
47:24 Bracer
47:33 Bracer
48:47 Chemistry
48:50 Ring Archer Armor
48:38 Town Patrol
50:04 Arson
50:06 Gambesons
51:27 Caravan
53:30 Halberdier
toxic-mushroom
9:33 Feudal Age
10:03 Double-Bit Axe
10:00 Horse Collar
11:54 Loom
20:49 Castle Age
22:15 Padded Archer Armor
22:06 Fletching
22:12 Gold Mining
22:13 Stone Mining
22:44 Bow Saw
22:32 Crossbowman
28:19 Husbandry
34:10 Wheelbarrow
35:32 Leather Archer Armor
35:12 Bodkin Arrow
39:54 Imperial Age
40:10 Gold Shaft Mining
40:55 Arbalester
41:29 Cavalier
43:55 Ring Archer Armor
43:26 Bracer
47:09 Two-Man Saw
46:25 Heavy Plow
48:24 Yeomen
50:18 Hoardings
51:03 Warwolf
54:49 Hand Cart
55:43 Scale Barding Armor
55:38 Scale Mail Armor
57:56 Chemistry
57:18 Ballistics
57:09 Masonry
56:56 Murder Holes
56:54 Guard Tower
57:16 Elite Longbowman
Connection lost

Rejoining the realm…

Still unreachable

The connection could not be restored.

Session expired

The server has moved on; the page needs a fresh start.